Map: Deathaura LE

Players

Stylnox

  • Race: Zerg Zerg
  • League: Diamond
  • Spawn Location: 5:00

A.I. 1 (Very Easy)

  • Race: Terran Terran
  • Spawn Location: 11:00

VOD

Have the link to the VOD?

Description

Time

  • Played on: Sept. 18, 2020, 9:37 a.m.
  • Length: 36:43
Show
View Real Time Build Order
Export as new Build Order

Stylnox Zerg 

Build Orders: Hatch First, Brood Lord Corruptor 

Get SALT Encoding   

  1  0:00  Overlord, Terran Ship Armor Level 1, Psionic Storm, Blink, Zerg Flyer Weapons Level 2, Protoss Shields Level 1, Zerg Ground Armor Level 2, Zerg Missile Weapons Level 2, Terran Infantry Weapons Level 2, Caduceus Reactor, Zerg Melee Weapons Level 2, Behemoth Reactor, Terran Infantry Armor Level 3, Terran Ship Armor Level 2, Protoss Air Armor Level 2, Resonating Glaives, Protoss Air Weapons Level 1, Pneumatized Carapace, Terran Infantry Weapons Level 3, Combat Shield, Zerg Missile Weapons Level 3, Drone x12, Cloaking Field, Corvid Reactor, Terran Ship Weapons Level 1, Moebius Reactor, Protoss Air Weapons Level 2, Stimpack, Charge, Protoss Ground Weapons Level 3, Zerg Flyer Weapons Level 1, Warp Gate, Chitinous Plating, Enduring Locusts, Terran Vehicle Weapons Level 1, Protoss Shields Level 2, Graviton Catapult, Terran Ship Weapons Level 3, Protoss Ground Armor Level 2, Zerg Flyer Armor Level 1, Gravitic Boosters, Tunneling Claws, Terran Ship Weapons Level 2, Terran Ship Armor Level 3, Protoss Ground Weapons Level 2, Terran Vehicle Armor Level 2, Glial Reconstitution, Protoss Air Armor Level 3, Neural Parasite, Concussive Shells, Hi-Sec Auto Tracking, Infernal Pre-Igniter, Terran Infantry Weapons Level 1, Terran Vehicle Weapons Level 3, Extended Thermal Lance, Protoss Ground Armor Level 1, Terran Vehicle Armor Level 1, Protoss Air Weapons Level 3, Terran Infantry Armor Level 1, Zerg Flyer Armor Level 3, Weapon Refit, Hive, Zerg Flyer Armor Level 2, Durable Materials, Burrow, Zerg Ground Armor Level 3, Terran Infantry Armor Level 2, Adrenal Glands, Gravitic Drive, Zerg Melee Weapons Level 3, Protoss Ground Armor Level 3, Ventral Sacs, Zerg Flyer Weapons Level 3, Centrifical Hooks, Protoss Ground Weapons Level 1, Pathogen Glands, Protoss Shields Level 3, Neosteel Frame, Zerg Ground Armor Level 1, Zerg Melee Weapons Level 1, Neosteel Armor, Protoss Air Armor Level 1, Metabolic Boost, Personal Cloaking, Zerg Missile Weapons Level 1, Terran Vehicle Weapons Level 2, Terran Vehicle Armor Level 3, Muscular Augments x2  
    0:12  Overlord, Unknown  
  12  0:14  Unknown x5  
  12  0:18  Drone x12  
    0:32  Drone  
  13  0:43  Overlord  
  13  0:48  Drone  
  14  1:01  Drone  
  14  1:02  Drone  
  16  1:18  Hatchery  
  16  1:22  Drone  
  16  1:28  Drone  
  17  1:34  Drone  
  18  1:43  Extractor  
  17  1:48  Spawning Pool  
  17  1:49  Drone  
  17  1:55  Drone  
  17  2:00  Drone  
  19  2:09  Overlord  
  19  2:21  Drone  
  20  2:36  Queen x2  
  24  2:39  Zergling x2  
  24  2:40  Zergling x2  
  26  2:49  Hatchery  
  25  2:52  Drone  
  25  2:54  Drone  
  27  3:01  Metabolic Boost  
  27  3:09  Drone  
  27  3:12  Queen  
  30  3:17  Drone  
  30  3:18  Drone  
  32  3:30  Drone x2  
  32  3:31  Overlord  
  32  3:32  Overlord  
  34  3:39  Drone x2  
  36  3:43  Overlord  
  36  3:57  Drone x3  
  36  3:58  Drone x3  
  36  4:02  Queen  
  44  4:10  Drone  
  44  4:11  Drone x2  
  44  4:13  Drone  
  44  4:15  Drone  
  49  4:23  Queen  
  49  4:24  Queen  
  51  4:27  Overlord  
  51  4:29  Zergling x2  
  51  4:30  Drone  
  51  4:31  Drone x2  
  57  4:33  Drone  
  57  4:34  Drone  
  59  4:53  Drone  
  59  4:54  Drone x4  
  59  4:56  Overlord x2  
  59  4:57  Zergling x2  
  59  4:58  Zergling x10  
  70  5:01  Lair  
  70  5:04  Baneling Nest  
  69  5:14  Queen  
  69  5:15  Queen  
  69  5:20  Drone x3  
  76  5:24  Evolution Chamber  
  76  5:25  Evolution Chamber  
  76  5:27  Drone  
  76  5:28  Drone x2  
  77  5:32  Extractor  
  77  5:35  Extractor x2  
  74  5:36  Extractor x2  
  74  5:37  Overlord  
  73  5:42  Drone  
  73  5:50  Hatchery, Queen x2  
  73  5:54  Drone x2  
  73  5:55  Drone x3  
  73  5:56  Drone  
  82  5:58  Drone x2  
  82  5:59  Drone  
  85  6:13  Zerg Melee Weapons Level 1  
  85  6:14  Zerg Ground Armor Level 1  
  85  6:16  Drone x2  
  85  6:17  Drone  
  88  6:19  Overlord x2  
  88  6:20  Drone x3  
  88  6:21  Overlord  
  88  6:23  Overlord  
  91  6:31  Hatchery  
  90  6:41  Overlord x2  
  90  6:42  Zergling x2  
  90  6:43  Zergling x12, Centrifical Hooks  
  97  6:48  Hydralisk Den  
  96  6:55  Infestation Pit, Drone x2  
  96  6:56  Drone  
  96  6:57  Drone x6  
  104  7:15  Drone  
  104  7:17  Drone x2  
  104  7:18  Zergling x8  
  104  7:19  Zergling x14  
  117  7:23  Grooved Spines  
  117  7:27  Hydralisk  
  117  7:28  Hydralisk x2  
  123  7:44  Overlord  
  123  7:50  Hive  
  123  7:54  Burrow  
  123  7:59  Drone, Extractor  
  123  8:00  Drone x3, Extractor  
  123  8:01  Drone x3  
  123  8:02  Drone x7  
  135  8:05  Spore Crawler  
  135  8:07  Spore Crawler  
  135  8:09  Spore Crawler  
  132  8:33  Overlord  
  132  8:34  Overlord x3  
  132  8:35  Zerg Ground Armor Level 2, Zerg Melee Weapons Level 2, Muscular Augments  
  132  8:42  Lurker Den  
  132  8:43  Drone, Spire  
  132  8:45  Drone, Spire  
  131  8:50  Baneling x3  
  131  8:51  Hydralisk x2, Baneling x3  
  131  8:52  Hydralisk  
  137  8:58  Drone x2  
  137  8:59  Drone  
  140  9:02  Adrenal Glands  
  140  9:04  Drone  
  140  9:07  Hatchery  
  140  9:28  Hydralisk x2  
  140  9:29  Hydralisk x2  
  148  9:34  Overlord  
  148  9:37  Drone x2  
  150  9:40  Hatchery  
  149  9:57  Extractor  
  148  10:01  Extractor  
  147  10:10  Protoss Ground Armor Level 3, Drone, Protoss Ground Weapons Level 3, Protoss Shields Level 3  
  148  10:19  Adaptive Talons, Ultralisk Cavern  
  148  10:20  Corruptor x4  
  148  10:21  Corruptor x5  
  155  10:26  Greater Spire  
  155  10:28  Drone x3  
  168  10:30  Drone  
  168  10:32  Zerg Missile Weapons Level 3, Terran Vehicle Weapons Level 3, Terran Infantry Armor Level 3, Protoss Air Weapons Level 3, Zerg Ground Armor Level 3, Zerg Flyer Armor Level 3, Terran Ship Weapons Level 3, Zerg Melee Weapons Level 3, Protoss Air Armor Level 3, Zerg Flyer Weapons Level 3, Terran Ship Armor Level 3, Terran Vehicle Armor Level 3, Terran Infantry Weapons Level 3  
  168  10:35  Protoss Ground Weapons Level 2, Protoss Shields Level 2, Protoss Ground Armor Level 2  
  169  10:44  Drone x3  
  169  10:46  Spore Crawler  
  169  10:47  Spine Crawler  
  169  10:48  Spine Crawler  
  169  10:50  Spore Crawler, Spine Crawler  
  169  10:52  Zerg Flyer Weapons Level 1  
  169  10:53  Terran Vehicle Armor Level 2, Zerg Flyer Armor Level 2, Zerg Melee Weapons Level 2, Terran Ship Armor Level 2, Terran Infantry Armor Level 2, Protoss Air Armor Level 2, Zerg Flyer Weapons Level 2, Protoss Air Weapons Level 2, Zerg Ground Armor Level 2, Zerg Missile Weapons Level 2, Terran Infantry Weapons Level 2, Terran Vehicle Weapons Level 2, Terran Ship Weapons Level 2  
  167  11:00  Protoss Ground Armor Level 1, Drone, Protoss Shields Level 1, Protoss Ground Weapons Level 1  
  168  11:08  Blink  
  168  11:15  Terran Ship Armor Level 1, Zerg Ground Armor Level 1, Zerg Melee Weapons Level 1, Terran Ship Weapons Level 1, Protoss Air Armor Level 1, Zerg Flyer Armor Level 1, Zerg Missile Weapons Level 1, Terran Vehicle Weapons Level 1, Protoss Air Weapons Level 1, Terran Infantry Armor Level 1, Terran Vehicle Armor Level 1, Zerg Flyer Weapons Level 1, Terran Infantry Weapons Level 1  
  168  11:16  Seismic Spines  
  168  11:18  Chitinous Plating  
  168  11:19  Corruptor  
  168  11:20  Corruptor x2  
  168  11:21  Corruptor x3  
  168  11:22  Corruptor  
  182  11:29  Warp Gate, Resonating Glaives, Stimpack, Extended Thermal Lance, Charge, Weapon Refit, Neosteel Armor  
  182  11:30  Hatchery  
  181  11:36  Adrenal Glands, Ventral Sacs  
  181  11:42  Enduring Locusts, Baneling  
  181  11:43  Baneling x6, Personal Cloaking  
  181  11:50  Chitinous Plating, Glial Reconstitution, Centrifical Hooks, Durable Materials, Neosteel Frame, Cloaking Field, Psionic Storm, Corvid Reactor, Neural Parasite, Metabolic Boost, Tunneling Claws, Infernal Pre-Igniter, Combat Shield  
  181  11:58  Muscular Augments x2, Burrow  
  181  12:11  Brood Lord  
  181  12:12  Moebius Reactor, Gravitic Boosters, Pathogen Glands, Behemoth Reactor, Brood Lord x8, Hi-Sec Auto Tracking, Gravitic Drive, Graviton Catapult, Caduceus Reactor  
  199  12:26  Concussive Shells, Pneumatized Carapace  
  199  12:33  Drone  
  199  12:36  Unknown  
  198  12:41  Extractor  
  195  13:08  Overlord  
  195  13:09  Unknown x5  
    13:14  Protoss Ground Armor Level 3, Drone x12, Protoss Ground Weapons Level 3, Protoss Shields Level 3  
    13:26  Unknown  
  12  13:28  Drone  
  13  13:36  Zerg Missile Weapons Level 3, Terran Vehicle Weapons Level 3, Terran Infantry Armor Level 3, Protoss Air Weapons Level 3, Zerg Ground Armor Level 3, Zerg Flyer Armor Level 3, Terran Ship Weapons Level 3, Zerg Melee Weapons Level 3, Protoss Air Armor Level 3, Zerg Flyer Weapons Level 3, Terran Ship Armor Level 3, Terran Vehicle Armor Level 3, Terran Infantry Weapons Level 3  
  13  13:39  Protoss Ground Weapons Level 2, Protoss Shields Level 2, Overlord, Protoss Ground Armor Level 2  
  13  13:44  Drone  
  14  13:57  Drone x2, Terran Vehicle Armor Level 2, Zerg Flyer Armor Level 2, Zerg Melee Weapons Level 2, Terran Ship Armor Level 2, Terran Infantry Armor Level 2, Protoss Air Armor Level 2, Zerg Flyer Weapons Level 2, Protoss Air Weapons Level 2, Zerg Ground Armor Level 2, Zerg Missile Weapons Level 2, Terran Infantry Weapons Level 2, Terran Vehicle Weapons Level 2, Terran Ship Weapons Level 2  
  16  14:04  Protoss Ground Armor Level 1, Protoss Ground Weapons Level 1, Protoss Shields Level 1  
  16  14:12  Blink  
  16  14:14  Hatchery  
  15  14:18  Drone  
  15  14:19  Terran Ship Armor Level 1, Zerg Ground Armor Level 1, Zerg Melee Weapons Level 1, Terran Ship Weapons Level 1, Protoss Air Armor Level 1, Zerg Flyer Armor Level 1, Zerg Missile Weapons Level 1, Terran Vehicle Weapons Level 1, Protoss Air Weapons Level 1, Terran Infantry Armor Level 1, Terran Vehicle Armor Level 1, Zerg Flyer Weapons Level 1, Terran Infantry Weapons Level 1  
  15  14:22  Drone  
  17  14:24  Drone  
  18  14:33  Warp Gate, Resonating Glaives, Stimpack, Extended Thermal Lance, Charge, Weapon Refit, Neosteel Armor  
  18  14:36  Extractor  
  17  14:39  Spawning Pool  
  17  14:40  Adrenal Glands, Ventral Sacs  
  17  14:42  Drone  
  17  14:46  Enduring Locusts  
  17  14:47  Personal Cloaking  
  17  14:49  Drone  
  18  14:54  Chitinous Plating, Glial Reconstitution, Centrifical Hooks, Durable Materials, Neosteel Frame, Cloaking Field, Psionic Storm, Corvid Reactor, Neural Parasite, Metabolic Boost, Tunneling Claws, Infernal Pre-Igniter, Combat Shield  
  18  14:55  Drone  
  19  15:02  Muscular Augments x2, Burrow  
  19  15:06  Overlord  
  19  15:16  Gravitic Boosters, Pathogen Glands, Behemoth Reactor, Moebius Reactor, Hi-Sec Auto Tracking, Gravitic Drive, Graviton Catapult, Caduceus Reactor  
  19  15:17  Drone  
  20  15:27  Queen x2  
  24  15:30  Concussive Shells, Pneumatized Carapace  
  24  15:32  Lair  
  24  15:34  Zergling x4  
  26  15:38  Drone  
  27  15:45  Drone  
  27  15:49  Overlord  
  28  15:54  Drone  
  32  16:11  Overlord  
  32  16:13  Unknown x5  
  32  16:17  Drone x12  
    16:30  Drone  
  13  16:42  Overlord  
  13  16:46  Drone  
  14  17:00  Drone x2  
  16  17:17  Hatchery  
  16  17:21  Drone  
  16  17:24  Drone  
  16  17:27  Drone  
  18  17:39  Extractor  
  18  17:42  Spawning Pool  
  16  17:45  Drone  
  16  17:49  Drone  
  18  17:57  Drone  
  19  18:08  Overlord  
  20  18:20  Drone  
  20  18:32  Queen  
  20  18:33  Queen  
  25  18:34  Zergling x4  
  26  18:41  Drone  
  27  18:50  Hatchery  
  27  18:53  Drone  
  27  18:57  Metabolic Boost  
  27  19:08  Queen  
  29  19:13  Overlord  
  29  19:16  Drone  
  30  19:17  Drone  
  30  19:23  Drone x2  
  33  19:26  Drone  
  33  19:28  Drone  
  35  19:35  Drone  
  36  19:48  Drone x2  
  36  19:49  Overlord  
  36  19:51  Overlord  
  38  19:55  Drone x3  
  38  19:56  Drone  
  38  19:57  Protoss Ground Armor Level 3, Protoss Ground Weapons Level 3, Protoss Shields Level 3  
  42  20:05  Drone x2  
  44  20:13  Queen x3  
  50  20:19  Zerg Missile Weapons Level 3, Terran Vehicle Weapons Level 3, Terran Infantry Armor Level 3, Protoss Air Weapons Level 3, Zerg Ground Armor Level 3, Zerg Flyer Armor Level 3, Terran Ship Weapons Level 3, Zerg Melee Weapons Level 3, Protoss Air Armor Level 3, Zerg Flyer Weapons Level 3, Terran Ship Armor Level 3, Terran Vehicle Armor Level 3, Terran Infantry Weapons Level 3  
  50  20:22  Protoss Ground Weapons Level 2, Protoss Shields Level 2, Protoss Ground Armor Level 2  
  50  20:35  Drone x8  
  54  20:36  Drone  
  54  20:37  Drone x3  
  54  20:40  Terran Vehicle Armor Level 2, Zerg Flyer Armor Level 2, Zerg Melee Weapons Level 2, Terran Ship Armor Level 2, Terran Infantry Armor Level 2, Protoss Air Armor Level 2, Zerg Flyer Weapons Level 2, Protoss Air Weapons Level 2, Zerg Ground Armor Level 2, Zerg Missile Weapons Level 2, Terran Infantry Weapons Level 2, Terran Vehicle Weapons Level 2, Terran Ship Weapons Level 2  
  62  20:45  Overlord  
  62  20:47  Protoss Ground Armor Level 1, Protoss Ground Weapons Level 1, Protoss Shields Level 1, Overlord  
  62  20:49  Lair  
  62  20:50  Queen x2  
  62  20:55  Blink  
  66  21:01  Overlord  
  66  21:02  Terran Ship Armor Level 1, Overlord x2, Terran Vehicle Weapons Level 1, Zerg Melee Weapons Level 1, Terran Ship Weapons Level 1, Protoss Air Armor Level 1, Zerg Flyer Armor Level 1, Zerg Missile Weapons Level 1, Zerg Ground Armor Level 1, Protoss Air Weapons Level 1, Terran Infantry Armor Level 1, Terran Vehicle Armor Level 1, Zerg Flyer Weapons Level 1, Terran Infantry Weapons Level 1  
  66  21:09  Evolution Chamber  
  65  21:11  Drone  
  65  21:12  Drone x2  
  65  21:13  Evolution Chamber  
  65  21:15  Drone x2  
  65  21:16  Warp Gate, Resonating Glaives, Stimpack, Extended Thermal Lance, Charge, Weapon Refit, Neosteel Armor  
  69  21:22  Drone  
  69  21:23  Adrenal Glands, Drone x3, Ventral Sacs  
  73  21:26  Zergling x12  
  73  21:29  Enduring Locusts  
  73  21:30  Zergling x2, Personal Cloaking  
  79  21:36  Queen x2  
  79  21:37  Chitinous Plating, Glial Reconstitution, Centrifical Hooks, Durable Materials, Neosteel Frame, Cloaking Field, Psionic Storm, Corvid Reactor, Neural Parasite, Metabolic Boost, Tunneling Claws, Infernal Pre-Igniter, Combat Shield  
  82  21:44  Overlord  
  82  21:45  Muscular Augments x2, Overlord x2, Burrow  
  82  21:53  Drone x4  
  86  21:56  Extractor  
  86  21:58  Extractor  
  86  21:59  Gravitic Boosters, Pathogen Glands, Behemoth Reactor, Moebius Reactor, Hi-Sec Auto Tracking, Gravitic Drive, Graviton Catapult, Extractor, Caduceus Reactor  
  86  22:00  Hatchery, Extractor x2  
  80  22:02  Baneling Nest  
  79  22:13  Concussive Shells, Pneumatized Carapace  
  79  22:16  Zergling x22  
  79  22:17  Zergling x6  
  93  22:25  Drone x2  
  93  22:26  Drone  
  93  22:29  Hatchery  
  95  22:35  Drone x2  
  95  22:36  Drone  
  98  22:45  Spore Crawler  
  100  22:54  Overlord  
  100  22:56  Unknown x5  
    23:00  Drone x12  
    23:12  Unknown  
  12  23:14  Drone  
  12  23:15  Protoss Ground Armor Level 3, Protoss Ground Weapons Level 3, Protoss Shields Level 3  
  13  23:25  Overlord  
  13  23:29  Drone  
  14  23:37  Zerg Missile Weapons Level 3, Terran Vehicle Weapons Level 3, Terran Infantry Armor Level 3, Protoss Air Weapons Level 3, Zerg Ground Armor Level 3, Zerg Flyer Armor Level 3, Terran Ship Weapons Level 3, Zerg Melee Weapons Level 3, Protoss Air Armor Level 3, Zerg Flyer Weapons Level 3, Terran Ship Armor Level 3, Terran Vehicle Armor Level 3, Terran Infantry Weapons Level 3  
  14  23:40  Protoss Ground Weapons Level 2, Protoss Shields Level 2, Protoss Ground Armor Level 2  
  14  23:43  Drone  
  14  23:45  Drone  
  16  23:58  Terran Vehicle Armor Level 2, Zerg Flyer Armor Level 2, Zerg Melee Weapons Level 2, Terran Ship Armor Level 2, Terran Infantry Armor Level 2, Protoss Air Armor Level 2, Zerg Flyer Weapons Level 2, Protoss Air Weapons Level 2, Zerg Ground Armor Level 2, Zerg Missile Weapons Level 2, Terran Infantry Weapons Level 2, Terran Vehicle Weapons Level 2, Terran Ship Weapons Level 2  
  16  24:00  Hatchery  
  15  24:04  Drone  
  15  24:05  Protoss Ground Armor Level 1, Protoss Ground Weapons Level 1, Protoss Shields Level 1  
  15  24:07  Drone  
  17  24:13  Drone, Blink  
  18  24:20  Terran Ship Armor Level 1, Zerg Ground Armor Level 1, Zerg Melee Weapons Level 1, Terran Ship Weapons Level 1, Protoss Air Armor Level 1, Zerg Flyer Armor Level 1, Zerg Missile Weapons Level 1, Terran Vehicle Weapons Level 1, Protoss Air Weapons Level 1, Terran Infantry Armor Level 1, Terran Vehicle Armor Level 1, Zerg Flyer Weapons Level 1, Terran Infantry Weapons Level 1  
  18  24:22  Extractor  
  17  24:27  Spawning Pool  
  17  24:29  Drone  
  17  24:34  Warp Gate, Resonating Glaives, Stimpack, Extended Thermal Lance, Charge, Weapon Refit, Neosteel Armor  
  17  24:35  Drone  
  18  24:41  Adrenal Glands, Ventral Sacs  
  18  24:42  Drone  
  19  24:47  Enduring Locusts  
  19  24:48  Personal Cloaking  
  19  24:52  Overlord  
  19  24:55  Chitinous Plating, Glial Reconstitution, Centrifical Hooks, Durable Materials, Neosteel Frame, Cloaking Field, Psionic Storm, Corvid Reactor, Neural Parasite, Metabolic Boost, Tunneling Claws, Infernal Pre-Igniter, Combat Shield  
  19  25:03  Drone, Muscular Augments x2, Burrow  
  20  25:14  Queen  
  20  25:15  Zergling x4  
  20  25:16  Queen  
  20  25:17  Gravitic Boosters, Pathogen Glands, Behemoth Reactor, Moebius Reactor, Hi-Sec Auto Tracking, Gravitic Drive, Graviton Catapult, Caduceus Reactor  
  20  25:19  Hive  
  26  25:31  Concussive Shells, Pneumatized Carapace, Hatchery  
  26  25:34  Drone  
  26  25:39  Drone  
  27  25:51  Drone x2  
  32  26:12  Overlord  
  32  26:14  Unknown x5  
  32  26:18  Drone x12  
    26:32  Drone  
  13  26:43  Overlord  
  13  26:49  Drone  
  14  27:01  Drone x2  
  16  27:18  Hatchery  
  16  27:22  Drone  
  16  27:29  Drone  
  17  27:30  Drone  
  18  27:43  Extractor  
  17  27:45  Spawning Pool  
  16  27:52  Drone  
  16  27:54  Drone  
  18  28:01  Drone  
  19  28:10  Overlord  
  19  28:21  Drone  
  20  28:32  Queen x2  
  24  28:34  Zergling x4  
  26  28:44  Drone  
  27  28:52  Hatchery  
  27  28:55  Drone  
  27  29:00  Drone  
  28  29:04  Metabolic Boost  
  28  29:11  Queen  
  30  29:20  Overlord  
  30  29:22  Drone x2  
  32  29:25  Drone  
  32  29:27  Drone  
  32  29:29  Drone  
  35  29:34  Drone  
  36  29:54  Overlord x2  
  36  29:55  Drone x2  
  36  29:57  Drone x2  
  36  29:59  Drone  
  41  30:06  Drone  
  41  30:07  Drone x2  
  44  30:16  Queen x2  
  44  30:17  Queen  
  44  30:21  Drone x4  
  51  30:23  Drone  
  55  30:36  Drone x6  
  55  30:38  Drone  
  55  30:39  Drone  
  63  30:59  Overlord x2  
  63  31:04  Lair, Queen  
  63  31:05  Overlord x2  
  63  31:07  Drone  
  63  31:11  Overlord  
  66  31:17  Baneling Nest, Queen  
  67  31:19  Evolution Chamber  
  67  31:20  Evolution Chamber  
  65  31:29  Zergling x16  
  65  31:32  Drone x2  
  74  31:33  Drone  
  74  31:38  Extractor  
  74  31:39  Extractor  
  74  31:41  Extractor x2  
  74  31:42  Drone x2, Extractor  
  73  31:48  Drone  
  73  31:49  Drone x2  
  73  31:50  Drone x3  
  73  31:51  Drone x3  
  73  31:53  Drone x3  
  85  31:54  Drone x3  
  88  32:10  Zerg Melee Weapons Level 1  
  88  32:11  Zerg Missile Weapons Level 1  
  88  32:14  Baneling x2  
  88  32:21  Overlord x2  
  88  32:23  Drone x2  
  88  32:24  Drone x3  
  88  32:28  Hatchery  
  92  32:33  Hatchery  
  91  32:42  Spore Crawler  
  90  32:48  Queen x2  
  90  32:49  Queen  
  90  32:50  Spore Crawler  
  95  32:52  Spore Crawler, Centrifical Hooks  
  95  32:53  Hydralisk Den  
  95  32:57  Drone  
  95  32:58  Drone x12  
  106  33:04  Overlord x2  
  106  33:07  Drone  
  106  33:09  Drone x3  
  110  33:35  Zergling x2  
  110  33:36  Zergling x20  
  121  33:43  Spore Crawler  
  121  33:44  Zergling x2  
  121  33:45  Zergling x18  
  130  33:52  Infestation Pit  
  129  34:01  Overlord  
  129  34:02  Overlord x3  
  129  34:08  Drone  
  129  34:09  Overlord x2  
  130  34:16  Zergling x26  
  143  34:17  Zerg Melee Weapons Level 2  
  143  34:18  Zerg Ground Armor Level 1  
  143  34:22  Hydralisk x3  
  149  34:30  Spore Crawler, Extractor  
  149  34:31  Extractor  
  146  34:32  Zergling x2  
  146  34:33  Zergling x16  
  151  34:49  Hydralisk x9  
  167  34:54  Baneling x2  
  167  34:55  Baneling x13  
  167  35:07  Drone x5  
  167  35:08  Drone x4  
  167  35:11  Overlord x2  
  176  35:15  Hive  
  176  35:17  Burrow  
  176  35:18  Pathogen Glands  
  176  35:25  Spire  
  175  35:29  Hatchery  
  174  35:55  Zergling x4  
  176  35:57  Hydralisk  
  176  35:58  Hydralisk x3  
  176  36:03  Infestor  
  194  36:05  Infestor x4  
  194  36:19  Lurker Den  
Show
View Real Time Build Order
Export as new Build Order

A.I. 1 (Very Easy) Terran 

Build Orders: Command Center First (CC), Banshee Rush 

Get SALT Encoding   

  1  0:00  Zerg Ground Armor Level 2, SCV x12, Terran Ship Armor Level 1, Psionic Storm, Blink, Zerg Flyer Weapons Level 2, Protoss Shields Level 1, Zerg Missile Weapons Level 2, Terran Infantry Weapons Level 2, Caduceus Reactor, Zerg Melee Weapons Level 2, Behemoth Reactor, Terran Infantry Armor Level 3, Terran Ship Armor Level 2, Protoss Air Armor Level 2, Resonating Glaives, Protoss Air Weapons Level 1, Pneumatized Carapace, Terran Infantry Weapons Level 3, Combat Shield, Zerg Missile Weapons Level 3, Cloaking Field, Corvid Reactor, Terran Ship Weapons Level 1, Moebius Reactor, Protoss Air Weapons Level 2, Stimpack, Charge, Protoss Ground Weapons Level 3, Zerg Flyer Weapons Level 1, Warp Gate, Chitinous Plating, Enduring Locusts, Terran Vehicle Weapons Level 1, Protoss Shields Level 2, Graviton Catapult, Terran Ship Weapons Level 3, Protoss Ground Armor Level 2, Zerg Flyer Armor Level 1, Gravitic Boosters, Tunneling Claws, Terran Ship Weapons Level 2, Terran Ship Armor Level 3, Protoss Ground Weapons Level 2, Terran Vehicle Armor Level 2, Glial Reconstitution, Protoss Air Armor Level 3, Neural Parasite, Concussive Shells, Hi-Sec Auto Tracking, Infernal Pre-Igniter, Terran Infantry Weapons Level 1, Terran Vehicle Weapons Level 3, Extended Thermal Lance, Protoss Ground Armor Level 1, Terran Vehicle Armor Level 1, Protoss Air Weapons Level 3, Terran Infantry Armor Level 1, Zerg Flyer Armor Level 3, Weapon Refit, Zerg Flyer Armor Level 2, Durable Materials, Burrow, Zerg Ground Armor Level 3, Terran Infantry Armor Level 2, Adrenal Glands, Gravitic Drive, Zerg Melee Weapons Level 3, Protoss Ground Armor Level 3, Ventral Sacs, Zerg Flyer Weapons Level 3, Centrifical Hooks, Protoss Ground Weapons Level 1, Pathogen Glands, Protoss Shields Level 3, Neosteel Frame, Zerg Ground Armor Level 1, Zerg Melee Weapons Level 1, Neosteel Armor, Protoss Air Armor Level 1, Metabolic Boost, Personal Cloaking, Zerg Missile Weapons Level 1, Terran Vehicle Weapons Level 2, Terran Vehicle Armor Level 3, Muscular Augments x2  
    0:12  Unknown  
  12  0:14  Unknown x5  
  12  0:18  SCV x12  
    0:30  SCV, Unknown  
  13  0:42  SCV  
  14  0:49  Supply Depot  
  14  0:54  SCV  
  15  1:10  SCV  
  16  1:23  SCV  
  17  1:33  Command Center  
  17  1:44  Barracks  
  17  1:47  Refinery  
  17  1:59  Supply Depot  
  17  2:05  Refinery  
  17  2:27  SCV  
  18  2:32  Marine  
  19  2:40  SCV  
  20  2:45  SCV  
  21  2:51  Barracks Tech Lab  
  21  3:16  Marine  
  22  4:01  Marauder  
  24  6:28  SCV  
  24  6:34  Marine  
  24  6:35  SCV  
  24  6:37  Factory  
  26  6:43  SCV  
  27  6:50  SCV  
  28  6:57  SCV  
  29  7:04  SCV  
  29  7:06  Marine  
  29  7:22  Starport  
  27  7:38  Marine  
  28  7:59  Starport Tech Lab  
  28  8:10  Marine  
  29  8:18  Raven  
  31  8:21  SCV  
  31  8:42  Marine  
  32  9:00  Raven  
  34  9:15  Marauder  
  36  10:10  Protoss Ground Armor Level 3, Protoss Ground Weapons Level 3, Protoss Shields Level 3  
  36  10:32  Zerg Missile Weapons Level 3, Terran Vehicle Weapons Level 3, Terran Infantry Armor Level 3, Protoss Air Weapons Level 3, Zerg Ground Armor Level 3, Zerg Flyer Armor Level 3, Terran Ship Weapons Level 3, Zerg Melee Weapons Level 3, Protoss Air Armor Level 3, Zerg Flyer Weapons Level 3, Terran Ship Armor Level 3, Terran Vehicle Armor Level 3, Terran Infantry Weapons Level 3  
  36  10:35  Protoss Ground Weapons Level 2, Protoss Shields Level 2, Protoss Ground Armor Level 2  
  36  10:53  Terran Vehicle Armor Level 2, Zerg Flyer Armor Level 2, Zerg Melee Weapons Level 2, Terran Ship Armor Level 2, Terran Infantry Armor Level 2, Protoss Air Armor Level 2, Zerg Flyer Weapons Level 2, Protoss Air Weapons Level 2, Zerg Ground Armor Level 2, Zerg Missile Weapons Level 2, Terran Infantry Weapons Level 2, Terran Vehicle Weapons Level 2, Terran Ship Weapons Level 2  
  36  11:00  Protoss Ground Armor Level 1, Protoss Ground Weapons Level 1, Protoss Shields Level 1  
  36  11:08  Blink  
  36  11:15  Terran Ship Armor Level 1, Zerg Ground Armor Level 1, Zerg Melee Weapons Level 1, Terran Ship Weapons Level 1, Protoss Air Armor Level 1, Zerg Flyer Armor Level 1, Zerg Missile Weapons Level 1, Terran Vehicle Weapons Level 1, Protoss Air Weapons Level 1, Terran Infantry Armor Level 1, Terran Vehicle Armor Level 1, Zerg Flyer Weapons Level 1, Terran Infantry Weapons Level 1  
  36  11:29  Warp Gate, Resonating Glaives, Stimpack, Extended Thermal Lance, Charge, Weapon Refit, Neosteel Armor  
  36  11:36  Adrenal Glands, Ventral Sacs  
  36  11:42  Enduring Locusts  
  36  11:43  Personal Cloaking  
  36  11:50  Chitinous Plating, Glial Reconstitution, Centrifical Hooks, Durable Materials, Neosteel Frame, Cloaking Field, Psionic Storm, Corvid Reactor, Neural Parasite, Metabolic Boost, Tunneling Claws, Infernal Pre-Igniter, Combat Shield  
  36  11:58  Muscular Augments x2, Burrow  
  36  12:11  Medivac  
  36  12:12  Factory Tech Lab, Gravitic Boosters, Pathogen Glands, Behemoth Reactor, Moebius Reactor, Hi-Sec Auto Tracking, Gravitic Drive, Graviton Catapult, Caduceus Reactor  
  36  12:13  Supply Depot  
  37  12:26  Concussive Shells, Pneumatized Carapace  
  35  12:32  Marine  
  35  12:35  SCV  
  13  12:49  SCV  
  2  13:09  Unknown x5  
    13:14  Protoss Ground Armor Level 3, Protoss Ground Weapons Level 3, SCV x12, Protoss Shields Level 3  
    13:26  Unknown  
  12  13:28  SCV  
  13  13:36  Zerg Missile Weapons Level 3, Terran Vehicle Weapons Level 3, Terran Infantry Armor Level 3, Protoss Air Weapons Level 3, Zerg Ground Armor Level 3, Zerg Flyer Armor Level 3, Terran Ship Weapons Level 3, Zerg Melee Weapons Level 3, Protoss Air Armor Level 3, Zerg Flyer Weapons Level 3, Terran Ship Armor Level 3, Terran Vehicle Armor Level 3, Terran Infantry Weapons Level 3  
  13  13:39  Protoss Ground Weapons Level 2, Protoss Shields Level 2, Protoss Ground Armor Level 2  
  13  13:41  SCV  
  14  13:53  SCV  
  15  13:57  Terran Vehicle Armor Level 2, Zerg Flyer Armor Level 2, Zerg Melee Weapons Level 2, Terran Ship Armor Level 2, Terran Infantry Armor Level 2, Protoss Air Armor Level 2, Zerg Flyer Weapons Level 2, Protoss Air Weapons Level 2, Zerg Ground Armor Level 2, Zerg Missile Weapons Level 2, Terran Infantry Weapons Level 2, Terran Vehicle Weapons Level 2, Terran Ship Weapons Level 2  
  15  13:59  Supply Depot  
  15  14:04  Protoss Ground Armor Level 1, Protoss Ground Weapons Level 1, Protoss Shields Level 1  
  15  14:12  Blink  
  15  14:15  Refinery  
  15  14:19  Terran Ship Armor Level 1, Zerg Ground Armor Level 1, Zerg Melee Weapons Level 1, Terran Ship Weapons Level 1, Protoss Air Armor Level 1, Zerg Flyer Armor Level 1, Zerg Missile Weapons Level 1, Terran Vehicle Weapons Level 1, Protoss Air Weapons Level 1, Terran Infantry Armor Level 1, Terran Vehicle Armor Level 1, Zerg Flyer Weapons Level 1, Terran Infantry Weapons Level 1  
  15  14:20  SCV  
  16  14:33  Warp Gate, Resonating Glaives, Stimpack, Extended Thermal Lance, Charge, Weapon Refit, Neosteel Armor  
  16  14:34  Barracks  
  16  14:40  Adrenal Glands, Ventral Sacs  
  16  14:46  Enduring Locusts  
  16  14:47  Personal Cloaking  
  16  14:50  Command Center  
  16  14:54  Chitinous Plating, Glial Reconstitution, Centrifical Hooks, Durable Materials, Neosteel Frame, Cloaking Field, Psionic Storm, Corvid Reactor, Neural Parasite, Metabolic Boost, Tunneling Claws, Infernal Pre-Igniter, Combat Shield  
  16  15:02  Muscular Augments x2, Burrow  
  16  15:16  Gravitic Boosters, Pathogen Glands, Behemoth Reactor, Moebius Reactor, Hi-Sec Auto Tracking, Gravitic Drive, Graviton Catapult, Caduceus Reactor  
  16  15:19  SCV  
  16  15:20  Refinery  
  17  15:27  Factory  
  17  15:29  Supply Depot  
  17  15:30  Concussive Shells, Pneumatized Carapace  
  17  15:31  SCV  
  18  15:43  SCV  
  19  15:55  SCV  
  20  16:13  Unknown x5  
  20  16:17  SCV x12  
    16:29  Unknown  
    16:32  SCV  
  13  16:44  SCV  
  14  16:50  Supply Depot  
  14  16:56  SCV  
  15  17:11  SCV  
  16  17:23  SCV  
  16  17:25  Barracks  
  17  17:35  SCV  
  18  17:51  Command Center  
  18  18:26  Marine  
  19  18:27  SCV  
  19  18:29  Refinery  
  19  18:30  Supply Depot  
  20  18:39  SCV  
  21  18:46  Refinery  
  21  18:51  Marine  
  22  19:09  Marine  
  23  19:32  Marine  
  24  19:41  Factory  
  24  19:50  Marine  
  25  19:57  Protoss Ground Armor Level 3, Protoss Ground Weapons Level 3, Protoss Shields Level 3  
  25  20:08  Marine  
  26  20:19  Zerg Missile Weapons Level 3, Terran Vehicle Weapons Level 3, Terran Infantry Armor Level 3, Protoss Air Weapons Level 3, Zerg Ground Armor Level 3, Zerg Flyer Armor Level 3, Terran Ship Weapons Level 3, Zerg Melee Weapons Level 3, Protoss Air Armor Level 3, Zerg Flyer Weapons Level 3, Terran Ship Armor Level 3, Terran Vehicle Armor Level 3, Terran Infantry Weapons Level 3  
  25  20:22  Protoss Ground Weapons Level 2, Protoss Shields Level 2, SCV, Protoss Ground Armor Level 2  
  25  20:27  Starport  
  26  20:40  Terran Vehicle Armor Level 2, Zerg Flyer Armor Level 2, Zerg Melee Weapons Level 2, Terran Ship Armor Level 2, Terran Infantry Armor Level 2, Protoss Air Armor Level 2, Zerg Flyer Weapons Level 2, Protoss Air Weapons Level 2, Zerg Ground Armor Level 2, Zerg Missile Weapons Level 2, Terran Infantry Weapons Level 2, Terran Vehicle Weapons Level 2, Terran Ship Weapons Level 2  
  26  20:47  Protoss Ground Armor Level 1, Protoss Ground Weapons Level 1, Protoss Shields Level 1  
  26  20:55  Blink  
  26  21:02  Terran Ship Armor Level 1, Zerg Ground Armor Level 1, Zerg Melee Weapons Level 1, Terran Ship Weapons Level 1, Protoss Air Armor Level 1, Zerg Flyer Armor Level 1, Zerg Missile Weapons Level 1, Terran Vehicle Weapons Level 1, Protoss Air Weapons Level 1, Terran Infantry Armor Level 1, Terran Vehicle Armor Level 1, Zerg Flyer Weapons Level 1, Terran Infantry Weapons Level 1  
  26  21:04  Starport Tech Lab  
  26  21:16  Warp Gate, Resonating Glaives, Stimpack, Extended Thermal Lance, Charge, Weapon Refit, Neosteel Armor  
  26  21:22  Raven  
  26  21:23  Adrenal Glands, Ventral Sacs, Factory Tech Lab, SCV  
  29  21:29  Enduring Locusts  
  29  21:30  Personal Cloaking  
  29  21:33  Marine  
  29  21:37  Chitinous Plating, Glial Reconstitution, Centrifical Hooks, Durable Materials, Neosteel Frame, Cloaking Field, Psionic Storm, Corvid Reactor, Neural Parasite, Metabolic Boost, Tunneling Claws, Infernal Pre-Igniter, Combat Shield  
  24  21:45  Muscular Augments x2, Burrow  
  24  21:47  SCV  
  24  21:51  Marine  
  26  21:59  Gravitic Boosters, Pathogen Glands, Behemoth Reactor, Moebius Reactor, Hi-Sec Auto Tracking, Gravitic Drive, Graviton Catapult, Caduceus Reactor  
  26  22:00  SCV  
  26  22:01  Siege Tank  
  30  22:05  Medivac  
  30  22:07  Supply Depot  
  32  22:13  Concussive Shells, Pneumatized Carapace  
  32  22:14  Marine  
  33  22:29  SCV  
  34  22:32  Marine  
  37  22:37  SCV  
  39  22:56  Unknown x5  
    23:00  SCV x12  
    23:12  Unknown  
  12  23:15  Protoss Ground Armor Level 3, Protoss Ground Weapons Level 3, SCV, Protoss Shields Level 3  
  13  23:31  Supply Depot  
  13  23:33  Refinery  
  13  23:37  Zerg Missile Weapons Level 3, Terran Vehicle Weapons Level 3, Terran Infantry Armor Level 3, Protoss Air Weapons Level 3, Zerg Ground Armor Level 3, Zerg Flyer Armor Level 3, Terran Ship Weapons Level 3, Zerg Melee Weapons Level 3, Protoss Air Armor Level 3, Zerg Flyer Weapons Level 3, Terran Ship Armor Level 3, Terran Vehicle Armor Level 3, Terran Infantry Weapons Level 3  
  13  23:40  Protoss Ground Weapons Level 2, Protoss Shields Level 2, Protoss Ground Armor Level 2  
  13  23:58  Terran Vehicle Armor Level 2, Zerg Flyer Armor Level 2, Zerg Melee Weapons Level 2, Terran Ship Armor Level 2, Terran Infantry Armor Level 2, Protoss Air Armor Level 2, Zerg Flyer Weapons Level 2, Protoss Air Weapons Level 2, Zerg Ground Armor Level 2, Zerg Missile Weapons Level 2, Terran Infantry Weapons Level 2, Terran Vehicle Weapons Level 2, Terran Ship Weapons Level 2  
  13  24:05  Protoss Ground Armor Level 1, Protoss Ground Weapons Level 1, Protoss Shields Level 1  
  13  24:08  Barracks  
  13  24:13  Blink  
  13  24:20  Terran Ship Armor Level 1, Zerg Ground Armor Level 1, Zerg Melee Weapons Level 1, Terran Ship Weapons Level 1, Protoss Air Armor Level 1, Zerg Flyer Armor Level 1, Zerg Missile Weapons Level 1, Terran Vehicle Weapons Level 1, Protoss Air Weapons Level 1, Terran Infantry Armor Level 1, Terran Vehicle Armor Level 1, Zerg Flyer Weapons Level 1, Terran Infantry Weapons Level 1  
  13  24:34  Warp Gate, Resonating Glaives, Stimpack, Extended Thermal Lance, Charge, Weapon Refit, Neosteel Armor  
  13  24:40  Command Center  
  13  24:41  Adrenal Glands, Ventral Sacs  
  13  24:47  Enduring Locusts  
  13  24:48  Personal Cloaking  
  13  24:55  Chitinous Plating, Glial Reconstitution, Centrifical Hooks, Durable Materials, Neosteel Frame, Cloaking Field, Psionic Storm, Corvid Reactor, Neural Parasite, Metabolic Boost, Tunneling Claws, Infernal Pre-Igniter, Combat Shield  
  13  25:01  Factory  
  13  25:03  Muscular Augments x2, Burrow  
  13  25:13  Marine  
  14  25:15  SCV  
  14  25:17  Gravitic Boosters, Pathogen Glands, Behemoth Reactor, Moebius Reactor, Hi-Sec Auto Tracking, Gravitic Drive, Graviton Catapult, Caduceus Reactor  
  15  25:31  Concussive Shells, Pneumatized Carapace  
  15  25:33  SCV  
  16  25:45  SCV  
  16  25:46  Starport  
  17  25:53  SCV  
  18  26:00  SCV  
  20  26:14  Unknown x5  
  20  26:18  SCV x12  
    26:30  SCV, Unknown  
  13  26:42  SCV  
  14  26:51  Supply Depot  
  14  26:54  SCV  
  15  27:13  SCV  
  16  27:25  SCV  
  17  27:36  Command Center  
  17  27:39  Refinery  
  17  27:47  Supply Depot  
  17  28:00  Barracks  
  17  28:07  SCV  
  18  28:19  SCV  
  19  28:25  Refinery  
  19  28:31  SCV  
  20  28:47  Marine  
  21  29:04  Marine  
  21  29:07  Factory  
  22  29:22  Marine  
  23  29:51  Hellion  
  25  29:53  Starport  
  25  30:24  Marine  
  26  30:30  Starport Tech Lab  
  26  30:40  Hellion  
  28  30:43  Barracks Tech Lab  
  28  30:48  Raven  
  30  31:02  Factory Tech Lab  
  30  31:03  Marauder  
  32  31:22  Siege Tank  
  35  31:31  Medivac  
  37  31:40  Supply Depot  
  37  32:01  Raven  
  39  32:02  SCV  
  40  32:09  SCV  
  41  32:16  SCV  
  41  32:19  Marauder  
  41  32:21  Supply Depot  
  44  32:24  SCV  
  45  32:31  SCV  
  46  32:38  SCV  
  46  32:43  Siege Tank  
  46  32:44  Raven  
  52  33:26  Medivac  
  54  33:49  Marine  
  54  33:51  Supply Depot  
  54  34:07  Marine  
  55  34:16  Supply Depot  
  55  34:25  Reaper  
  37  34:57  Marine  
  38  35:16  Marauder  
  40  35:37  Reaper  
  41  36:08  Marine  
Tags
 
Add a new tag
Caveats
  • Supply blocks, unpowered buildings, or Contaminate may cause inaccurate times.
  • Supply counts are checked every 10 seconds.